AoeStats
← MottledTitan21

Black Forest

507533409Analyzed
2v2 RM · 14d ago on Sep 18, 2026· 42m 46s· 4 players
Game mode
Random Map
Map size
Medium (4 player)
Population
200
Speed
Normal
Resources
Standard
Victory
Conquest
Starting age
Dark Age
Ending age
Imperial Age
RankedLock teamsTeams togetherTeam positionsShared explorationLock speedFull tech treeHidden civsTurbo modeCheats
Victory
Defeat
🇳🇱 Dravidians · Netherlands
1466
+12
🇳🇱 Ethiopians · Netherlands
1341
+17
🇺🇸 Teutons · United States
1425
-17
🇵🇹 Maya · Portugal
1308
-12
Strider
11:23 Feudal Age
15:06 Castle Age
13:06 Horse Collar
13:12 Double-Bit Axe
24:24 Wheelbarrow
24:48 Bow Saw
25:17 Forging
31:20 Iron Casting
30:54 Scale Barding Armor
36:04 Imperial Age
34:11 Fletching
34:51 Bodkin Arrow
35:05 Gold Mining
35:19 Padded Archer Armor
35:17 Loom
35:18 Town Watch
35:19 Crossbowman
35:25 Elite Skirmisher
35:59 Crossbowman
36:46 Bracer
37:47 Chemistry
37:10 Ballistics
38:07 Two-Man Saw
37:58 Leather Archer Armor
38:44 Chemistry
37:19 Arbalester
38:44 Conscription
39:41 Ring Archer Armor
39:18 Thumb Ring
39:53 Hand Cart
40:58 Chain Barding Armor
42:22 Masonry
MottledTitan21
3:31 Loom
13:51 Feudal Age
19:17 Double-Bit Axe
20:57 Horse Collar
27:10 Castle Age
25:57 Gold Mining
26:57 Fletching
27:21 Crossbowman
28:02 Bodkin Arrow
28:20 Bow Saw
30:59 Thumb Ring
31:58 Wheelbarrow
31:56 Padded Archer Armor
36:05 Imperial Age
34:46 Gold Shaft Mining
34:31 Heavy Plow
35:32 Leather Archer Armor
36:19 Arbalester
37:00 Bracer
38:40 Two-Man Saw
37:35 Elite Skirmisher
38:56 Ring Archer Armor
39:26 Ballistics
40:08 Chemistry
40:09 Conscription
Thurder
0:32 Loom
13:00 Feudal Age
15:24 Wheelbarrow
17:25 Castle Age
15:38 Double-Bit Axe
23:13 Bow Saw
25:39 Horse Collar
27:13 Heavy Plow
29:18 Fletching
29:29 Padded Archer Armor
29:29 Gold Mining
30:52 Fortified Wall
32:09 Bodkin Arrow
32:30 Leather Archer Armor
34:56 Imperial Age
33:03 Ballistics
32:37 Stone Mining
33:09 Hand Cart
35:44 Bracer
36:14 Ring Archer Armor
36:47 Chemistry
35:33 Elite Plumed Archer
36:35 Conscription
37:17 Block Printing
37:51 Theocracy
38:12 Stone Shaft Mining
38:17 Holcans
37:51 Squires
38:13 Pikeman
40:44 Eagle Warrior
41:28 Scale Mail Armor
41:36 Elite Eagle Warrior
42:34 Chain Mail Armor
42:29 Forging
Danilo Solari
2:04 Loom
10:24 Feudal Age
10:52 Double-Bit Axe
21:07 Fletching
29:46 Castle Age
29:16 Horse Collar
31:52 Wheelbarrow
31:44 Bow Saw
34:14 Heavy Plow
40:05 Imperial Age
40:11 Imperial Age
39:51 Bodkin Arrow
39:21 Elite Skirmisher
41:11 Padded Archer Armor
42:13 Chemistry
42:33 Leather Archer Armor
Connection lost

Rejoining the realm…

Still unreachable

The connection could not be restored.

Session expired

The server has moved on; the page needs a fresh start.